 Dungeon Crawl Stone Soup version 0.28.0-45-g0d030f2227 (webtiles) character file.

Game seed: 13745996975445083598

2901 MalarOregon the Fighter (level 9, -5/80 HPs)
             Began as a Palentonga Fighter on Apr 19, 2022.
             Was a Priest of the Shining One.
             Hit by a stone thrown by an orc warrior (6 damage)
             ... on level 6 of the Dungeon.
             The game lasted 00:11:09 (8614 turns).

MalarOregon the Fighter (Palentonga Fighter)        Turns: 8614, Time: 00:11:10

Health: -5/80      AC: 19    Str: 23    XL:     9   Next: 49%
Magic:  9/9        EV:  9    Int:  8    God:    the Shining One [***...]
Gold:   527        SH:  6    Dex: 17    Spells: 8/8 levels left

rFire   . . .      SeeInvis +   n - +2 flail (protect)
rCold   . . .      Faith    .   c - +0 buckler
rNeg    + . .      Spirit   .   b - +1 scale mail
rPois   .          Reflect  .   (no helmet)
rElec   .          Harm     .   i - +0 cloak
rCorr   .          Rampage  .   (no gloves)
Will    .....                   (no barding)
Stlth   ..........              (no amulet)
HPRegen 0.23/turn               B - +6 ring of dexterity
MPRegen 0.11/turn               (no ring)

@: silenced, corroded, under a protective aura, glowing, curled up
A: large, rugged brown scales 3, see invisible, deformed body, roll 1, armoured
tail, reflexive curl
a: Rolling Charge, Renounce Religion


You were on level 6 of the Dungeon.
You worshipped the Shining One.
The Shining One was most pleased with you.
You visited 2 branches of the dungeon, and saw 7 of its levels.
You also visited: Ossuary.

You collected 527 gold pieces.


Innate Abilities, Weirdness & Mutations

You are completely covered in rugged brown scales. (AC +3, +7% HP)
You have supernaturally acute eyesight. (SInv)
Armour fits poorly on your strangely shaped body.
You can roll at nearby foes to attack.
You have a long armoured tail.
You curl defensively after being hit. (AC +7*)


   Skills:
 * Level 8.3 Fighting
 - Level 2.7(4.1) Axes
 + Level 4.7(5.1) Maces & Flails
 + Level 5.1 Armour
 + Level 4.0 Dodging
 + Level 5.1 Shields


You had 8 spell levels left.
You didn't know any spells.
Your spell library contained the following spells:

 Spells                   Type           Power      Damage    Failure   Level
 Fireball                 Conj/Fire      0%         3d3       100%        5
 Starburst                Conj/Fire      0%         6d3       100%        6
 Ignition                 Fire           0%         3d3       100%        8

Inventory:

Hand Weapons
 a - a +2 dagger of venom
   (You took it off a goblin on level 3 of the Dungeon)
 g - a +1 short sword of electrocution
   (You took it off a kobold on level 1 of the Dungeon)
 h - a +2 whip of freezing
   (You took it off Pikel on level 6 of the Dungeon)
 m - a +5 dagger
   (You took it off a goblin on level 3 of the Dungeon)
 n - a +2 flail of protection (weapon)
   (You took it off an orc on level 3 of the Dungeon)
Missiles
 o - 3 boomerangs of dispersal {!f}
Armour
 b - a +1 scale mail (worn)
 c - a +0 buckler (worn)
 i - a +0 cloak (worn)
   (You found it on level 2 of the Dungeon)
 z - an orb of light
   (You took it off an orc wizard on level 5 of the Dungeon)
Jewellery
 B - a +6 ring of dexterity (left hand)
   (You found it on level 5 of the Dungeon)
Wands
 t - a wand of flame (25)
   (You took it off Ijyb on level 5 of the Dungeon)
Scrolls
 e - 2 scrolls of amnesia {unknown}
 j - 4 scrolls of identify {unknown}
 k - a scroll of noise {unknown}
 l - 3 scrolls of teleportation {unknown}
 q - 2 scrolls of fear {unknown}
 w - 2 scrolls of holy word {unknown}
 y - 2 scrolls of fog {unknown}
 C - a scroll of immolation {unknown}
Potions
 d - 3 potions of might
 f - a potion of lignification {unknown}
 p - a potion of ambrosia {unknown}
 r - a potion of flight {unknown}
 s - a potion of haste {unknown}
 u - 3 potions of heal wounds {unknown}
 v - a potion of mutation {unknown}
 x - a potion of invisibility {unknown}
 A - a potion of attraction {unknown}

Dungeon Overview and Level Annotations

Branches:
Dungeon (6/15)             Temple (1/1) D:4         Ossuary (visited)

Altars:
Ashenzari
Cheibriados
Dithmenos
Fedhas
Gozag
Hepliaklqana
Kikubaaqudgha
Makhleb
Okawaru
Qazlal
Ru
Trog
Uskayaw
Vehumet
Wu Jian
Xom
Yredelemnul
Zin
The Shining One

Annotations:
D:3 1 runed translucent door, Crazy Yiuf

#.## ##.# ###.#.#
##.###..# #.#.#
##...#.# #.#.#
#####.# #.#.# #.#
. #.# ...
#.####### #....
#.......####o.....
#######..@.oo.....
######o....< .....
# .... # ... # #.
# # # #.#.###


You could see an orc warrior and 3 orc wizards.


Message History

You completely miss Pikel.
The lemure shouts!
You block Pikel's attack. Pikel closely misses you.
You sock Pikel! You tail-slap Pikel! Pikel hits you but does no damage.
You hit Pikel.
Pikel hits you with a +2 whip of freezing.
Pikel freezes you.
You hit Pikel.
Pikel hits you with a +2 whip of freezing.
Pikel freezes you.
You barely miss Pikel.
Pikel hits you with a +2 whip of freezing!
Pikel freezes you.
You thump Pikel!
You kill Pikel!
With Pikel's spell broken, his former minions thank you for their freedom.
The lemure departs this earthly plane. x3
Your Armour skill increases to level 5!
Your Dodging skill increases to level 4!
Your Shields skill increases to level 5!
Unknown command.
Key pressed, stopping explore.
Things that are here:
a +2 whip of freezing; a +0 robe; the kobold corpse of Pikel
h - a +2 whip of freezing
Things that are here:
a +0 robe; the kobold corpse of Pikel An orc wizard comes into view.
It is wielding a +0 dagger.
An orc wizard is nearby!
An orc wizard is nearby!
An orc comes into view. It is wielding a +0 whip.
The orc wizard shouts!
The orc shouts!
You hear a shout!
An orc warrior comes into view.
It is wielding a +3 mace and carrying a wand of acid (11).
The orc warrior shouts!
The orc wizard shouts!
The orc wizard gestures wildly while chanting.
The orc wizard flickers and vanishes for a moment.
The orc warrior moves out of view.
The orc wizard points at you and mumbles some strange words.
The magic dart hits you!
The orc wizard points at you and mumbles some strange words.
You easily resist.
An orc wizard comes into view. It is wielding a +0 dagger.
The orc wizard mumbles some strange words.
The orc wizard flickers and vanishes for a moment.
Found a stone staircase leading up.
The orc wizard hits you with a +0 dagger.
You hit the orc wizard.
Your weapon exudes an aura of protection.
Your tail-slap misses the orc wizard.
The orc wizard points at you and mumbles some strange words.
You are confused.
The orc wizard gestures wildly while chanting.
The orc wizard flickers and vanishes for a moment.
You are too confused!
You're too confused to move!
The orc wizard hits you but does no damage.
You bump into the rock wall.
Unknown command.
You hit the orc warrior but do no damage.
Your weapon exudes an aura of protection.
The orc warrior hits you with a +3 mace.
You hit the orc warrior but do no damage.
The orc warrior hits you with a +3 mace.
You bump into the rock wall.
You feel less confused.
The orc warrior hits you with a +3 mace!
You barely miss the orc warrior.
The orc warrior zaps a wand.
The bolt of acid hits you!
You barely miss the orc warrior.
You tail-slap the orc warrior, but do no damage.
The orc warrior hits you but does no damage.
You hit the orc warrior.
The orc warrior hits you but does no damage.
You hit the orc warrior but do no damage.
The orc warrior hits you with a +3 mace!
* * * LOW HITPOINT WARNING * * *
The orc warrior zaps a wand.
The bolt of acid hits you!!
* * * LOW HITPOINT WARNING * * *
The acid corrodes you!
Okay, then.
Okay, then.
Okay, then.
Unknown command.
Okay, then.
Okay, then.
As you read the scroll labelled ISOKLENGOU, it crumbles to dust.
It is a scroll of enchant armour.
Your +0 scale mail glows green for a moment.
The orc warrior zaps a wand.
The bolt of acid misses you.
Okay, then.
Okay, then.
As you read the scroll labelled OLATED KEYCEM, it crumbles to dust.
A profound silence engulfs you.
It was a scroll of silence.
The orc warrior hits you with a +3 mace.
* * * LOW HITPOINT WARNING * * *
The orc warrior throws a stone.
The stone hits you.
You die...

Skill      XL: |  1  2  3  4  5  6  7  8  9 |
---------------+----------------------------+-----
Fighting       | 4 5 6 7 8 |  8.3
Armour         | 3 4 5 |  5.1
Shields        | 3 4 5 |  5.1
Dodging        | 1 2 3 4 |  4.0
Maces & Flails | 1 2 4 |  4.7
Axes           | |  2.7

Action                   |  1- 3 |  4- 6 |  7- 9 || total
-------------------------+-------+-------+-------++-------
Melee: War axe           |    81 |    49 |       ||   130
       Tailslap          |     6 |    22 |    30 ||    58
       Flail             |       |   150 |   187 ||   337
       Dagger            |       |       |     7 ||     7
Invok: Divine Shield     |       |       |     1 ||     1
 Abil: Rolling Charge    |     4 |     1 |     1 ||     6
  Use: Potion            |       |       |     7 ||     7
       Scroll            |       |       |     2 ||     2
Armor: Scale mail        |    36 |   123 |    97 ||   256
Dodge: Dodged            |    27 |    74 |    79 ||   180
Block: Buckler           |    19 |    41 |    47 ||   107

Levels and vault maps discovered:
D:1:      nicolae_arrival_somewhat_less_tricky_arrival, layout_loops_ring,
          hellmonk_ecumenical_altar_lost_god
D:2:      layout_loops_ring, basic_altar
D:3:      minmay_octagon_keep, layout_loops_ring, hangedman_decor_growths,
          grunt_ministairs_10, uniq_terence, uniq_crazy_yiuf_cottage,
          uniq_jessica, uniq_pargi
D:4:      layout_rooms, minmay_temple_entry_proselytizer,
          minmay_misc_feat_pillars
D:5:      layout_loops_corners, mainiacjoe_overflow_small_starburst,
          nicolae_ossuary_entry_catacombs, nrook_loot_triangle, uniq_ijyb,
          uniq_sigmund
D:6:      layout_loops_ring, kennysheep_generic_room_3, uniq_blork_the_orc,
          uniq_pikel, uniq_duvessa
Temple:   hc_temple_tempest_star

Notes
Turn   | Place    | Note
-------+----------+-------------------------------------------
     0 | D:1      | MalarOregon the Palentonga Fighter began the quest for the
                  | Orb.
     0 | D:1      | Reached XP level 1. HP: 19/19 MP: 1/1
   207 | D:1      | Reached XP level 2. HP: 24/25 MP: 2/2
   676 | D:1      | Reached XP level 3. HP: 29/31 MP: 3/3
   701 | D:1      | Found a faded altar of an unknown god.
  1418 | D:2      | Found an ancient bone altar of Kikubaaqudgha.
  1456 | D:2      | Reached XP level 4. HP: 37/39 MP: 4/4
  2079 | D:3      | Reached skill level 4 in Fighting
  2163 | D:3      | Noticed Terence
  2175 | D:3      | Killed Terence
  2396 | D:3      | Reached skill level 3 in Armour
  2434 | D:3      | Reached skill level 3 in Shields
  2612 | D:3      | HP: 9/39 [poisoned by a goblin]
  2911 | D:3      | Noticed Pargi
  2922 | D:3      | Reached XP level 5. HP: 41/44 MP: 5/5
  2925 | D:3      | Killed Pargi
  2926 | D:3      | Reached skill level 1 in Dodging
  3035 | D:3      | Noticed Jessica
  3040 | D:3      | Killed Jessica
  3041 | D:3      | Reached skill level 1 in Maces & Flails
  3313 | D:3      | Found a runed translucent door.
  3314 | D:3      | Noticed Crazy Yiuf
  3618 | D:4      | Noticed an ogre
  3637 | D:4      | Found a staircase to the Ecumenical Temple.
  3669 | D:3      | Reached XP level 6. HP: 29/52 MP: 6/6
  3999 | Temple   | Entered the Ecumenical Temple
  4214 | Temple   | Became a worshipper of the Shining One
  4324 | D:4      | HP: 4/53 [ogre/+0 giant club (13)]
  4356 | D:4      | HP: 6/53 [quokka (3)]
  4357 | D:5      | Entered Level 5 of the Dungeon
  4659 | D:5      | Found a sand-covered staircase.
  4673 | Ossuary  | Entered an ossuary
  4689 | Ossuary  | Reached skill level 5 in Fighting
  4690 | Ossuary  | Reached * piety under the Shining One
  5029 | Ossuary  | Reached ** piety under the Shining One
  5323 | D:5      | Gained mutation: You curl defensively after being hit. (AC
                  | +7*) [Palentonga growth]
  5323 | D:5      | Reached XP level 7. HP: 37/59 MP: 7/7
  5533 | D:5      | Reached skill level 2 in Maces & Flails
  5533 | D:5      | Reached skill level 2 in Dodging
  5617 | D:5      | Noticed Sigmund
  5623 | D:5      | Killed Sigmund
  5867 | D:4      | Reached skill level 6 in Fighting
  6098 | D:4      | Reached skill level 4 in Armour
  6158 | D:5      | Noticed Ijyb
  6166 | D:5      | Killed Ijyb
  6167 | D:5      | Reached skill level 4 in Shields
  6167 | D:5      | Reached XP level 8. HP: 64/68 MP: 8/8
  6269 | D:5      | Reached skill level 3 in Maces & Flails
  6308 | D:5      | Found an iron altar of Okawaru.
  6400 | D:5      | Reached *** piety under the Shining One
  6822 | D:6      | Noticed a gargoyle
  6831 | D:5      | Reached skill level 3 in Dodging
  6934 | D:5      | HP: 16/69 [gargoyle/+0 flail (19)]
  6941 | D:5      | HP: 13/69 [gargoyle/stone arrow (12)]
  6944 | D:5      | Killed a gargoyle
  6945 | D:5      | Reached skill level 7 in Fighting
  7254 | D:6      | You pick up a book of Fire and begin reading...
  7254 | D:6      | You add the spells Fireball, Starburst and Ignition to your
                  | library.
  7325 | D:6      | Reached skill level 4 in Maces & Flails
  7538 | D:6      | HP: 13/71 [iguana (6)]
  7540 | D:6      | Reached XP level 9. HP: 10/77 MP: 9/9
  7951 | D:6      | Noticed Blork the orc
  7955 | D:6      | Killed Blork the orc
  8085 | D:6      | Noticed Duvessa
  8086 | D:6      | Noticed Dowan
  8091 | D:6      | Killed Duvessa
  8104 | D:6      | Killed Dowan
  8110 | D:6      | HP: 19/79 [poisoned by Dowan]
  8400 | D:6      | Reached skill level 8 in Fighting
  8433 | D:6      | Noticed Pikel
  8447 | D:6      | Killed Pikel
  8448 | D:6      | Reached skill level 5 in Armour
  8448 | D:6      | Reached skill level 4 in Dodging
  8448 | D:6      | Reached skill level 5 in Shields
  8611 | D:6      | HP: 2/80 [orc warrior/bolt of acid (30)]
  8614 | D:6      | Hit by a stone thrown by an orc warrior

Vanquished Creatures
  Pikel (D:6)
  A gargoyle (D:5)
  Sigmund (D:5)
  Duvessa (D:6)
  Pargi (D:3)
  A black bear (D:5)
  A necrophage (D:6)
  4 ogres
  A phantom (D:6)
  Blork the orc (D:6)
  A scorpion (D:6)
  An elf skeleton (D:5)
  Dowan (D:6)
  2 bullfrog zombies (D:5)
  2 centaur zombies (D:5)
  4 orc priests
  A jelly (D:5)
  A centaur skeleton (D:5)
  2 iguanas (D:6)
  Jessica (D:3)
  7 orc wizards
  Ijyb (D:5)
  Terence (D:3)
  8 mummies (Ossuary)
  4 gnolls (D:5)
  6 adders
  A shadow imp (D:4)
  An ufetubus (D:6)
  3 worms
  2 adder skeletons (D:4)
  3 dart slugs
  15 orcs
  7 ball pythons
  8 endoplasms
  A giant cockroach (D:1)
  11 goblins
  7 hobgoblins
  11 jackals
  3 quokkas
  4 bats
  5 frilled lizards
  2 gnoll zombies (Ossuary)
  A hobgoblin zombie (Ossuary)
  15 kobolds
  2 kobold zombies (Ossuary)
  3 orc skeletons (D:5)
  5 orc zombies
  A quokka skeleton (D:4)
  4 rats
171 creatures vanquished.

Table legend:
 A = Non-vault XP
 B = Vault XP
 C = Vault XP percentage of total XP
 D = Non-vault monster count
 E = Vault monster count
 F = Vault count percentage of total count
                 A         B        C        D         E       F
            +---------+---------+-------+---------+---------+-------
      Total |    2257 |    1888 |  45.5 |     119 |      52 |  30.4
            +---------+---------+-------+---------+---------+-------
        D:1 |      50 |       0 |   0.0 |      26 |       0 |   0.0
        D:2 |      73 |       0 |   0.0 |      23 |       0 |   0.0
        D:3 |      38 |     278 |  88.0 |      12 |      22 |  64.7
        D:4 |     322 |       0 |   0.0 |      18 |       0 |   0.0
        D:5 |    1199 |     328 |  21.5 |      26 |       8 |  23.5
        D:6 |     575 |    1126 |  66.2 |      14 |       6 |  30.0
    Ossuary |       0 |     156 | 100.0 |       0 |      16 | 100.0
            +---------+---------+-------+---------+---------+-------

Illustrated notes

Table legend:
 A = Kills in this place as a percentage of kills in entire the game.
 B = Kills by you in this place as a percentage of kills by you in the entire game.
 C = Kills by friends in this place as a percentage of kills by friends in the entire game.
 D = Other kills in this place as a percentage of other kills in the entire game.
 E = Experience gained in this place as a percentage of experience gained in the entire game.
 F = Experience gained in this place divided by the number of levels of this place that you have seen.
                   A       B       C       D       E      F
               +-------+-------+-------+-------+-------+----------------------
         Total | 100.0 | 100.0 |   N/A |   N/A | 100.0 | 518.1
       Dungeon |  90.6 |  90.6 |   N/A |   N/A |  96.2 | 664.8
       Ossuary |   9.4 |   9.4 |   N/A |   N/A |   3.8 | 156.0
               +-------+-------+-------+-------+-------+----------------------

Table legend: (Time is in decaauts)
 A = Elapsed time spent in this place.
 B = Non-inter-level travel time spent in this place.
 C = Inter-level travel time spent in this place.
 D = Time resting spent in this place.
 E = Time spent auto-exploring this place.
 F = Levels seen in this place.
 G = Mean time per level.
                   A        B        C        D        E       F      G
               +--------+--------+--------+--------+--------+-----+--------+
         Total |   8765 |   8468 |    297 |   2013 |   5140 |   8 | 1095.6 |
       Dungeon |   7940 |   7685 |    255 |   1840 |   4698 |   6 | 1323.3 |
        Temple |    231 |    189 |     42 |      0 |    174 |   1 |  231.0 |
       Ossuary |    593 |    593 |      0 |    173 |    268 |   1 |  593.0 |
               +--------+--------+--------+--------+--------+-----+--------+

Top non-repeatable levels by time:
     D:3: 2066 daAuts
     D:5: 2025 daAuts
     D:6: 1392 daAuts
     D:1: 1213 daAuts
     D:2: 780 daAuts
 Ossuary: 593 daAuts
     D:4: 462 daAuts
  Temple: 231 daAuts
